National vs Punishers

Created - 11 mars 2015 at 23:22

Goals
1 2 3 T
National 1 3 1 5
Punishers 1 0 1 2
Shots
1 2 3 T
National 11 14 12 37
Punishers 11 13 9 33

1st period

1. National , Igor Makarov 10 (Janne Niskala, David Desharnais) at 10:38
2. Punishers , Brandon McMillan 5 (Tanner Glass, Keaton Ellerby) at 15:32

Penalties :
No Penalty

2nd period

3. National , Mikael Backlund 38 (Guillaume Desbiens) at 8:43
4. National , Mikael Backlund 39 (Janne Niskala) at 10:31 (SH)
5. National , Janne Niskala 12 (Mikael Backlund) at 10:37 (SH)

Penalties :
Mike Grier (Pro) for Hooking (Minor) at 4:20, Guillaume Desbiens (Que) for Holding (Minor) at 10:23, Mikael Backlund (Que) for Holding (Minor) at 16:58

3rd period

6. Punishers , Éric Perrin 44 (Brad Isbister, Keaton Ellerby) at 4:51
7. National , Mikael Backlund 40 (Guillaume Desbiens) at 18:28

Penalties :
Simon Despres (Pro) for Hooking (Minor) at 14:52

Goalie Stats

Keith Kinkaid (Que), 31 saves from 33 shots - (0,939), W, 21-16-6, 60:00 minutes
Kevin Poulin (Pro), 32 saves from 37 shots - (0,865), L, 23-9-6, 60:00 minutes

Players Stats for National

Player Name              G  A  P  +/- PIM S  H  SB GA TA FO     MP     PP MP  PK MP  
------------------------------------------------------------------------------------
David Desharnais         0  1  1   1  0   1  1  0  0  1  3/5    10:14   0:10   1:00 
Denis Bodrov             0  0  0  -1  0   0  0  0  0  0  0/0    13:11   0:00   0:00 
Dustin Kohn              0  0  0   1  0   1  1  5  0  1  0/0    19:42   1:39   1:26 
Guillaume Desbiens       0  2  2   2  2   3  6  1  2  0  1/2    20:19   1:59   0:00 
Igor Makarov             1  0  1   1  0   7  1  0  0  1  0/0     8:14   0:00   0:00 
Janne Niskala            1  2  3   3  0   4  2  2  1  3  0/0    27:07   2:19   2:32 
Johannes Salmonsson      0  0  0  -1  0   2  0  0  0  0  0/0    11:06   0:00   0:08 
Jonathan Cheechoo        0  0  0  -1  0   2  3  0  2  0  0/1    16:27   1:49   0:39 
Jonathan Matsumoto       0  0  0  -1  0   1  1  0  0  0  4/8    11:06   0:00   0:08 
Magnus Paajarvi-Svensson 0  0  0   1  0   1  0  0  0  0  0/0    10:05   0:10   0:51 
Marek Zagrapan           0  0  0  -1  0   3  3  1  0  0  7/17   17:18   1:49   1:30 
Mikael Backlund          3  1  4   4  2   4  1  0  2  0  15/32  21:41   1:59   1:20 
Nick Schultz             0  0  0   3  0   1  4  0  1  2  0/0    27:07   2:19   2:32 
Pasi Salonen             0  0  0   1  0   1  2  1  0  0  1/3    18:01   1:49   2:20 
Pat Dwyer                0  0  0  -1  0   0  0  0  1  0  0/0    11:27   0:10   0:00 
Rico Fata                0  0  0   2  0   4  1  1  1  0  2/3    20:02   1:59   0:00 
Ty Wishart               0  0  0  -1  0   1  0  0  0  1  0/0    13:11   0:00   0:00 
William Colbert          0  0  0   1  0   1  2  1  1  2  0/0    19:42   1:39   1:26 

Players Stats for Punishers

Player Name              G  A  P  +/- PIM S  H  SB GA TA FO     MP     PP MP  PK MP  
------------------------------------------------------------------------------------
Adam McQuaid             0  0  0   0  0   1  0  1  0  2  0/0    20:01   1:55   2:31 
Adam Pineault            0  0  0  -1  0   2  0  0  1  0  0/0    12:13   0:00   0:00 
Brad Isbister            0  1  1  -2  0   3  1  0  2  1  0/2    22:06   2:05   1:58 
Brandon McMillan         1  0  1   1  0   1  0  0  0  0  11/19  15:58   1:53   0:00 
Casey Cizikas            0  0  0  -1  0   0  2  0  0  0  3/6    12:16   0:00   0:03 
Éric Perrin              1  0  1  -2  0   8  1  0  0  0  21/39  22:06   2:05   1:58 
Erik Condra              0  0  0  -1  0   1  1  0  0  0  0/0     8:16   0:00   1:04 
Jack Hillen              0  0  0   0  0   1  0  1  1  0  0/0    11:43   0:00   0:03 
Jean-François Jacques    0  0  0   0  0   0  0  0  0  0  0/0     1:07   0:00   1:07 
Justin Falk              0  0  0  -3  0   0  2  1  1  1  0/0    24:00   2:03   1:27 
Keaton Ellerby           0  2  2  -3  0   1  1  1  0  1  0/0    28:16   2:03   1:24 
Kris Chucko              0  0  0  -1  0   3  0  0  2  1  0/1    12:13   0:00   0:00 
Lance Bouma              0  0  0   0  0   0  0  0  0  0  0/0     0:00   0:00   0:00 
Mike Blunden             0  0  0   0  0   0  0  0  0  0  0/0     0:00   0:00   0:00 
Mike Grier               0  0  0   1  2   2  2  0  0  1  0/0    15:57   1:53   0:00 
Mike Weber               0  0  0   0  0   4  2  1  1  1  0/0    20:01   1:55   2:31 
Philippe Paradis         0  0  0  -1  0   1  0  0  0  0  2/3     7:12   0:00   0:00 
Radek Smolenak           0  0  0  -1  0   0  0  0  0  0  0/0     7:12   0:00   0:00 
Richard Zednik           0  0  0  -2  0   1  2  0  0  1  1/1    21:32   2:05   0:53 
Simon Despres            0  0  0   0  2   0  0  0  0  1  0/0     4:52   0:00   0:00 
Tanner Glass             0  1  1   1  0   4  1  1  3  0  0/0    17:22   1:53   0:53 
Troy Bodie               0  0  0   0  0   0  0  0  0  0  0/0     0:00   0:00   0:00 
Zach Jones               0  0  0   0  0   0  2  1  0  1  0/0    11:37   0:00   0:00 

3 Stars

1 - Mikael Backlund (Que)
2 - Janne Niskala (Que)
3 - Guillaume Desbiens (Que)

Power Play

National - 0 on 2 Attempt(s) - 0,00%
Punishers - 0 on 2 Attempt(s) - 0,00%

Penalty Kill

National - 2 on 2 Attempt(s) - 100,00% - Score 2 goal in Penalty Kill
Punishers - 2 on 2 Attempt(s) - 100,00% - Score 0 goal in Penalty Kill

Team Stat

National - Hits : 28 - Faceoff Wins : 33 - Blocked Shots : 12 - Penalty Minutes : 4
Punishers - Hits : 17 - Faceoff Wins : 38 - Blocked Shots : 7 - Penalty Minutes : 4

Official

Referees : Peel Tim and Leggo Mike
Linesman : Scott Driscoll and Greg Devorski

Game Notes

Mikael Backlund has scored a Hat Trick!

Finance

Level 1 -- Attendance: 1616 (80,80%) -- Ticket Income 56 560 $
Level 2 -- Attendance: 747 (74,70%) -- Ticket Income 11 205 $
Total Attendance: 2363 (78,77%)
Total Ticket Income: 67 765 $
Other Income: 3 388 $
Total Income: 71 153 $

National

5 vs 5 Forward 
   Center                   Left Wing                Right Wing               Time % Phy DF OF 
 1 Mikael Backlund          Rico Fata                Guillaume Desbiens       40     0   2  3  
 2 Marek Zagrapan           Pasi Salonen             Jonathan Cheechoo        30     0   2  3  
 3 Jonathan Matsumoto       Johannes Salmonsson      Pat Dwyer                20     1   2  2  
 4 David Desharnais         Magnus Paajarvi-Svensson Igor Makarov             10     1   2  2  

5 vs 5 Defense 
   Defense                  Defense                                           Time % Phy DF OF 
 1 Janne Niskala            Nick Schultz                                      40     1   2  2  
 2 Dustin Kohn              William Colbert                                   30     1   2  2  
 3 Denis Bodrov             Ty Wishart                                        20     1   2  2  
 4 Janne Niskala            Nick Schultz                                      10     1   2  2  

PowerPlay Forward 
   Center                   Left Wing                Right Wing               Time % Phy DF OF 
 1 Mikael Backlund          Rico Fata                Guillaume Desbiens       60     0   1  4  
 2 Marek Zagrapan           Pasi Salonen             Jonathan Cheechoo        40     0   1  4  

PowerPlay Defense
   Defense                  Defense                                           Time % Phy DF OF 
 1 Janne Niskala            Nick Schultz                                      60     0   2  3  
 2 Dustin Kohn              William Colbert                                   40     0   2  3  

Penalty Kill 4 Players Forward 
   Center                   Wing                     Time % Phy DF OF 
 1 Mikael Backlund          Pasi Salonen             60     1   4  0  
 2 Marek Zagrapan           Jonathan Cheechoo        40     1   4  0  

Penalty Kill 4 Players Defense
   Defense                  Defense                  Time % Phy DF OF 
 1 Janne Niskala            Nick Schultz             60     1   4  0  
 2 Dustin Kohn              William Colbert          40     1   4  0  

Penalty Kill - 3 Players Forward 
   Forward                                           Time % Phy DF OF 
 1 Rico Fata                                         60     1   4  0  
 2 Pasi Salonen                                      40     1   4  0  

Penalty Kill - 3 Players Defense
   Defense                  Defense                  Time % Phy DF OF 
 1 Janne Niskala            Nick Schultz             60     1   4  0  
 2 Dustin Kohn              William Colbert          40     1   4  0  

4 vs 4 Forward 
   Center                   Wing                     Time % Phy DF OF 
 1 Mikael Backlund          Pasi Salonen             60     0   2  3  
 2 Marek Zagrapan           Jonathan Cheechoo        40     0   2  3  

4 vs 4 Defense
   Defense                  Defense                  Time % Phy DF OF 
 1 Janne Niskala            Nick Schultz             60     1   2  2  
 2 Dustin Kohn              William Colbert          40     1   2  2  

Last Minutes Offensive
   Center                   Left Wing                Right Wing               Defense                  Defense                  
   Mikael Backlund          Rico Fata                Guillaume Desbiens       William Colbert          Nick Schultz             

Last Minutes Defensive
   Center                   Left Wing                Right Wing               Defense                  Defense                  
   Mikael Backlund          Rico Fata                Guillaume Desbiens       William Colbert          Nick Schultz             

Goaltenders
Starting : Keith Kinkaid            
Backup : Tyler Plante             

Extra Forwards
Normal : Marek Zagrapan, Magnus Paajarvi-Svensson, Mikael Backlund - PP : Marek Zagrapan, Mikael Backlund - PK : David Desharnais
Extra Defensemen
Normal : William Colbert, Ty Wishart, Janne Niskala - PP : Ty Wishart - PK : Ty Wishart, Nick Schultz
Penalty Shots
Mikael Backlund, Marek Zagrapan, Guillaume Desbiens, Jonathan Cheechoo, Pasi Salonen

Punishers

5 vs 5 Forward 
   Center                   Left Wing                Right Wing               Time % Phy DF OF 
 1 Éric Perrin              Brad Isbister            Richard Zednik           40     1   2  2  
 2 Brandon McMillan         Tanner Glass             Mike Grier               30     1   2  2  
 3 Casey Cizikas            Kris Chucko              Adam Pineault            20     1   2  2  
 4 Philippe Paradis         Radek Smolenak           Erik Condra              10     1   2  2  

5 vs 5 Defense 
   Defense                  Defense                                           Time % Phy DF OF 
 1 Keaton Ellerby           Justin Falk                                       40     1   2  2  
 2 Mike Weber               Adam McQuaid                                      30     1   2  2  
 3 Zach Jones               Jack Hillen                                       20     1   2  2  
 4 Simon Despres            Keaton Ellerby                                    10     1   2  2  

PowerPlay Forward 
   Center                   Left Wing                Right Wing               Time % Phy DF OF 
 1 Éric Perrin              Brad Isbister            Richard Zednik           60     1   2  2  
 2 Brandon McMillan         Tanner Glass             Mike Grier               40     1   2  2  

PowerPlay Defense
   Defense                  Defense                                           Time % Phy DF OF 
 1 Keaton Ellerby           Justin Falk                                       60     1   2  2  
 2 Mike Weber               Adam McQuaid                                      40     1   2  2  

Penalty Kill 4 Players Forward 
   Center                   Wing                     Time % Phy DF OF 
 1 Éric Perrin              Brad Isbister            60     1   2  2  
 2 Richard Zednik           Tanner Glass             40     1   2  2  

Penalty Kill 4 Players Defense
   Defense                  Defense                  Time % Phy DF OF 
 1 Keaton Ellerby           Justin Falk              60     1   2  2  
 2 Mike Weber               Adam McQuaid             40     1   2  2  

Penalty Kill - 3 Players Forward 
   Forward                                           Time % Phy DF OF 
 1 Éric Perrin                                       60     1   2  2  
 2 Brad Isbister                                     40     1   2  2  

Penalty Kill - 3 Players Defense
   Defense                  Defense                  Time % Phy DF OF 
 1 Keaton Ellerby           Justin Falk              60     1   2  2  
 2 Mike Weber               Adam McQuaid             40     1   2  2  

4 vs 4 Forward 
   Center                   Wing                     Time % Phy DF OF 
 1 Éric Perrin              Brad Isbister            60     1   2  2  
 2 Richard Zednik           Tanner Glass             40     1   2  2  

4 vs 4 Defense
   Defense                  Defense                  Time % Phy DF OF 
 1 Keaton Ellerby           Justin Falk              60     1   2  2  
 2 Mike Weber               Adam McQuaid             40     1   2  2  

Last Minutes Offensive
   Center                   Left Wing                Right Wing               Defense                  Defense                  
   Éric Perrin              Brad Isbister            Richard Zednik           Keaton Ellerby           Justin Falk              

Last Minutes Defensive
   Center                   Left Wing                Right Wing               Defense                  Defense                  
   Éric Perrin              Brad Isbister            Richard Zednik           Keaton Ellerby           Justin Falk              

Goaltenders
Starting : Kevin Poulin             
Backup : Anton Khudobin           

Extra Forwards
Normal : Kris Chucko, Adam Pineault, Erik Condra - PP : Kris Chucko, Adam Pineault - PK : Erik Condra
Extra Defensemen
Normal : Zach Jones, Jack Hillen, Simon Despres - PP : Zach Jones - PK : Jack Hillen, Simon Despres
Penalty Shots
Éric Perrin, Brad Isbister, Richard Zednik, Tanner Glass, Kris Chucko

% Time on Ice - National

Lines # - Real PCT - Wanted PCT - Time Play
Normal Forward
1 - 37% - 40% - 19:02
2 - 27% - 30% - 14:10
3 - 20% - 20% - 10:38
4 - 16% - 10% - 8:14
Normal Defense
1 - 38% - 40% - 19:38
2 - 32% - 30% - 16:37
3 - 25% - 20% - 13:11
4 - 5% - 10% - 2:38
PP Forward
1 - 54% - 60% - 2:09
2 - 46% - 40% - 1:49
PP Defense
1 - 58% - 60% - 2:19
2 - 42% - 40% - 1:39
PK Forward
1 - 84% - 60% - 3:19
2 - 16% - 40% - 0:39
PK Defense
1 - 64% - 60% - 2:32
2 - 36% - 40% - 1:26
PK3 Forward
1 - 0% - 60%
2 - 0% - 40%
PK3 Defense
1 - 0% - 60%
2 - 0% - 40%
44 Forward
1 - 0% - 60%
2 - 0% - 40%
44 Defense
1 - 0% - 60%
2 - 0% - 40%
Last Minute Offensive  - 0:00
Last Minute Defensive  - 0:00
Total
Forward - 60:00
Defense - 60:00

% Time on Ice - Punishers

Lines # - Real PCT - Wanted PCT - Time Play
Normal Forward
1 - 35% - 40% - 18:03
2 - 28% - 30% - 14:36
3 - 23% - 20% - 12:13
4 - 14% - 10% - 7:12
Normal Defense
1 - 39% - 40% - 20:30
2 - 30% - 30% - 15:35
3 - 22% - 20% - 11:37
4 - 8% - 10% - 4:22
PP Forward
1 - 53% - 60% - 2:05
2 - 47% - 40% - 1:53
PP Defense
1 - 52% - 60% - 2:03
2 - 48% - 40% - 1:55
PK Forward
1 - 78% - 60% - 3:05
2 - 22% - 40% - 0:53
PK Defense
1 - 37% - 60% - 1:27
2 - 63% - 40% - 2:31
PK3 Forward
1 - 0% - 60%
2 - 0% - 40%
PK3 Defense
1 - 0% - 60%
2 - 0% - 40%
44 Forward
1 - 0% - 60%
2 - 0% - 40%
44 Defense
1 - 0% - 60%
2 - 0% - 40%
Last Minute Offensive  - 0:00
Last Minute Defensive  - 0:00
Total
Forward - 60:00
Defense - 60:00

Play by Play

1st period


0:01 of 1st period - Rico Fata wins face-off versus Éric Perrin in neutral zone.
0:11 of 1st period - Wrist shot by Brad Isbister.
0:11 of 1st period - Stopped by Keith Kinkaid with a rebound.
0:49 of 1st period - Snap shot by Richard Zednik.
0:49 of 1st period - Shot Blocked by Dustin Kohn.
1:03 of 1st period - Wrist shot by Brad Isbister.
1:03 of 1st period - Shot Misses the Net.
1:21 of 1st period - Snap shot by Johannes Salmonsson.
1:21 of 1st period - Stopped by Kevin Poulin without a rebound.
1:22 of 1st period - Brandon McMillan wins face-off versus Marek Zagrapan in Punishers zone.
1:31 of 1st period - Wrist shot by Mike Grier.
1:31 of 1st period - Shot Blocked by Pasi Salonen.
1:47 of 1st period - Mike Weber is hit by Guillaume Desbiens and loses puck.
2:40 of 1st period - Zach Jones is hit by Guillaume Desbiens and loses puck.
2:51 of 1st period - Ty Wishart is hit by Zach Jones.
2:52 of 1st period - Icing by Ty Wishart.
2:53 of 1st period - Brandon McMillan wins face-off versus David Desharnais in National zone.
3:55 of 1st period - Snap shot by Radek Smolenak.
3:55 of 1st period - Deflect By Erik Condra.
3:55 of 1st period - Shot Blocked by Dustin Kohn.
3:55 of 1st period - Puck is out of play.
3:56 of 1st period - Mikael Backlund wins face-off versus Brandon McMillan in National zone.
4:01 of 1st period - Tanner Glass is hit by Guillaume Desbiens and loses puck.
4:08 of 1st period - Tanner Glass is hit by Janne Niskala and loses puck.
4:12 of 1st period - Icing by Mike Grier.
4:13 of 1st period - Brandon McMillan wins face-off versus Marek Zagrapan in Punishers zone.
4:13 of 1st period - Brandon McMillan is hit by Pasi Salonen.
4:22 of 1st period - Icing by Pasi Salonen.
4:23 of 1st period - Éric Perrin wins face-off versus Marek Zagrapan in National zone.
4:28 of 1st period - Snap shot by Éric Perrin.
4:28 of 1st period - Stopped by Keith Kinkaid with a rebound.
4:48 of 1st period - Slapshot by Marek Zagrapan.
4:48 of 1st period - Stopped by Kevin Poulin with a rebound.
5:12 of 1st period - Wrist shot by Keaton Ellerby.
5:12 of 1st period - Shot Misses the Net.
5:31 of 1st period - Mike Weber is hit by William Colbert and loses puck.
5:40 of 1st period - Snap shot by Igor Makarov.
5:40 of 1st period - Stopped by Kevin Poulin without a rebound.
5:41 of 1st period - Éric Perrin wins face-off versus Mikael Backlund in Punishers zone.
5:46 of 1st period - Slapshot by Éric Perrin.
5:46 of 1st period - Stopped by Keith Kinkaid with a rebound.
5:48 of 1st period - Slapshot by Éric Perrin.
5:48 of 1st period - Stopped by Keith Kinkaid without a rebound.
5:49 of 1st period - Mikael Backlund wins face-off versus Éric Perrin in National zone.
5:53 of 1st period - Off-side.
5:54 of 1st period - Éric Perrin wins face-off versus Mikael Backlund in neutral zone.
6:07 of 1st period - Snap shot by Éric Perrin.
6:07 of 1st period - Stopped by Keith Kinkaid without a rebound.
6:08 of 1st period - Marek Zagrapan wins face-off versus Casey Cizikas in National zone.
6:35 of 1st period - Janne Niskala is hit by Zach Jones and loses puck.
6:48 of 1st period - Tanner Glass is hit by William Colbert and loses puck.
7:43 of 1st period - Icing by Janne Niskala.
7:44 of 1st period - Philippe Paradis wins face-off versus David Desharnais in National zone.
8:29 of 1st period - Wrist shot by Igor Makarov.
8:29 of 1st period - Deflect By Tanner Glass.
8:29 of 1st period - Stopped by Kevin Poulin without a rebound.
8:30 of 1st period - Mikael Backlund wins face-off versus Éric Perrin in Punishers zone.
8:31 of 1st period - Snap shot by Guillaume Desbiens.
8:31 of 1st period - Shot Blocked by Mike Weber.
8:57 of 1st period - Denis Bodrov is hit by Casey Cizikas and loses puck.
9:26 of 1st period - Wrist shot by Pat Dwyer.
9:26 of 1st period - Shot Misses the Net.
9:28 of 1st period - Slapshot by Pat Dwyer.
9:28 of 1st period - Shot Blocked by Zach Jones.
10:36 of 1st period - Slapshot by Janne Niskala.
10:36 of 1st period - Stopped by Kevin Poulin with a rebound.
10:38 of 1st period - Snap shot by Igor Makarov.
10:38 of 1st period - Goal by Igor Makarov - National : 1 - Punishers : 0.
10:39 of 1st period - Éric Perrin wins face-off versus Mikael Backlund in neutral zone.
10:42 of 1st period - Rico Fata is hit by Brad Isbister and loses puck.
10:51 of 1st period - Wrist shot by Guillaume Desbiens.
10:51 of 1st period - Shot Misses the Net.
11:41 of 1st period - Slapshot by Tanner Glass.
11:41 of 1st period - Deflect By Pasi Salonen.
11:41 of 1st period - Shot Hit the Post.
11:41 of 1st period - Puck is out of play.
11:42 of 1st period - Casey Cizikas wins face-off versus Mikael Backlund in National zone.
12:11 of 1st period - Slapshot by Kris Chucko.
12:11 of 1st period - Shot Blocked by William Colbert.
12:41 of 1st period - Snap shot by Kris Chucko.
12:41 of 1st period - Stopped by Keith Kinkaid without a rebound.
12:42 of 1st period - Mikael Backlund wins face-off versus Éric Perrin in National zone.
12:51 of 1st period - Snap shot by Janne Niskala.
12:51 of 1st period - Stopped by Kevin Poulin with a rebound.
12:57 of 1st period - Adam McQuaid is hit by Rico Fata and loses puck.
13:04 of 1st period - Éric Perrin is hit by Mikael Backlund and loses puck.
13:19 of 1st period - Slapshot by Janne Niskala.
13:19 of 1st period - Shot Misses the Net.
13:39 of 1st period - Guillaume Desbiens is hit by Mike Weber and loses puck.
15:00 of 1st period - Snap shot by Éric Perrin.
15:00 of 1st period - Deflect By Brad Isbister.
15:00 of 1st period - Shot Misses the Net.
15:00 of 1st period - Puck is out of play.
15:01 of 1st period - Brandon McMillan wins face-off versus Marek Zagrapan in National zone.
15:10 of 1st period - Snap shot by Tanner Glass.
15:10 of 1st period - Stopped by Keith Kinkaid without a rebound.
15:11 of 1st period - Marek Zagrapan wins face-off versus Brandon McMillan in National zone.
15:23 of 1st period - Tanner Glass is hit by Marek Zagrapan and loses puck.
15:28 of 1st period - Slapshot by Keaton Ellerby.
15:28 of 1st period - Stopped by Keith Kinkaid with a rebound.
15:30 of 1st period - Snap shot by Tanner Glass.
15:30 of 1st period - Shot Misses the Net.
15:32 of 1st period - Snap shot by Brandon McMillan.
15:32 of 1st period - Goal by Brandon McMillan - National : 1 - Punishers : 1.
15:33 of 1st period - Brandon McMillan wins face-off versus Pasi Salonen in neutral zone.
15:33 of 1st period - Brandon McMillan is hit by Jonathan Cheechoo.
15:45 of 1st period - Wrist shot by Jonathan Cheechoo.
15:45 of 1st period - Shot Blocked by Keaton Ellerby.
15:59 of 1st period - Johannes Salmonsson is hit by Keaton Ellerby and loses puck.
16:40 of 1st period - Snap shot by Kris Chucko.
16:40 of 1st period - Stopped by Keith Kinkaid with a rebound.
16:42 of 1st period - Slapshot by Justin Falk.
16:42 of 1st period - Shot Misses the Net.
16:44 of 1st period - Slapshot by Justin Falk.
16:44 of 1st period - Shot Misses the Net.
16:46 of 1st period - Slapshot by Radek Smolenak.
16:46 of 1st period - Shot Misses the Net.
17:07 of 1st period - Off-side.
17:08 of 1st period - Jonathan Matsumoto wins face-off versus Brandon McMillan in neutral zone.
17:21 of 1st period - Slapshot by Nick Schultz.
17:21 of 1st period - Shot Misses the Net.
17:23 of 1st period - Snap shot by Nick Schultz.
17:23 of 1st period - Stopped by Kevin Poulin with a rebound.
17:33 of 1st period - Erik Condra is hit by Igor Makarov and loses puck.
17:40 of 1st period - Snap shot by Igor Makarov.
17:40 of 1st period - Stopped by Kevin Poulin with a rebound.
17:42 of 1st period - Snap shot by Magnus Paajarvi-Svensson.
17:42 of 1st period - Stopped by Kevin Poulin with a rebound.
18:20 of 1st period - Jack Hillen is hit by Janne Niskala and loses puck.
18:55 of 1st period - Snap shot by Radek Smolenak.
18:55 of 1st period - Shot Misses the Net.
19:36 of 1st period - Snap shot by Brad Isbister.
19:36 of 1st period - Stopped by Keith Kinkaid without a rebound.
19:37 of 1st period - Éric Perrin wins face-off versus Mikael Backlund in National zone.
19:53 of 1st period - Off-side.
19:54 of 1st period - Marek Zagrapan wins face-off versus Brandon McMillan in neutral zone.
19:59 of 1st period - Slapshot by Pasi Salonen.
19:59 of 1st period - Stopped by Kevin Poulin with a rebound.
Goals for this period are 1 for National vs 1 for Punishers.
Shots for this period are 11 for National vs 11 for Punishers.

2nd period


0:01 of 2nd period - Mikael Backlund wins face-off versus Éric Perrin in neutral zone.
0:16 of 2nd period - Snap shot by Éric Perrin.
0:16 of 2nd period - Shot Misses the Net.
0:49 of 2nd period - Off-side.
0:50 of 2nd period - Casey Cizikas wins face-off versus Jonathan Matsumoto in neutral zone.
1:15 of 2nd period - Denis Bodrov is hit by Richard Zednik and loses puck.
1:22 of 2nd period - Slapshot by Richard Zednik.
1:22 of 2nd period - Stopped by Keith Kinkaid with a rebound.
1:24 of 2nd period - Slapshot by Mike Weber.
1:24 of 2nd period - Deflect By Rico Fata.
1:24 of 2nd period - Stopped by Keith Kinkaid without a rebound.
1:25 of 2nd period - Éric Perrin wins face-off versus Jonathan Cheechoo in National zone.
1:50 of 2nd period - Mike Grier is hit by Guillaume Desbiens and loses puck.
1:55 of 2nd period - Snap shot by Mikael Backlund.
1:55 of 2nd period - Shot Misses the Net.
2:54 of 2nd period - Éric Perrin is hit by Jonathan Cheechoo and loses puck.
3:18 of 2nd period - Wrist shot by Mike Grier.
3:18 of 2nd period - Shot Misses the Net.
3:20 of 2nd period - Slapshot by Tanner Glass.
3:20 of 2nd period - Stopped by Keith Kinkaid without a rebound.
3:21 of 2nd period - Brandon McMillan wins face-off versus Marek Zagrapan in National zone.
3:24 of 2nd period - Snap shot by Tanner Glass.
3:24 of 2nd period - Shot Misses the Net.
3:30 of 2nd period - Snap shot by Mike Grier.
3:30 of 2nd period - Shot Blocked by Marek Zagrapan.
3:32 of 2nd period - Snap shot by Tanner Glass.
3:32 of 2nd period - Shot Misses the Net.
3:40 of 2nd period - Wrist shot by Mike Grier.
3:40 of 2nd period - Stopped by Keith Kinkaid without a rebound.
3:41 of 2nd period - Éric Perrin wins face-off versus Rico Fata in National zone.
3:42 of 2nd period - Wrist shot by Brad Isbister.
3:42 of 2nd period - Stopped by Keith Kinkaid without a rebound.
3:43 of 2nd period - Éric Perrin wins face-off versus Mikael Backlund in National zone.
3:46 of 2nd period - Wrist shot by Éric Perrin.
3:46 of 2nd period - Stopped by Keith Kinkaid with a rebound.
4:13 of 2nd period - Wrist shot by Jonathan Cheechoo.
4:13 of 2nd period - Stopped by Kevin Poulin with a rebound.
4:15 of 2nd period - Wrist shot by Jonathan Cheechoo.
4:15 of 2nd period - Stopped by Kevin Poulin without a rebound.
4:16 of 2nd period - Mikael Backlund wins face-off versus Brandon McMillan in Punishers zone.
4:20 of 2nd period - Minor Penalty to Mike Grier for Hooking.
4:21 of 2nd period - Éric Perrin wins face-off versus Mikael Backlund in Punishers zone.
4:21 of 2nd period - Éric Perrin is hit by Guillaume Desbiens.
6:01 of 2nd period - Adam McQuaid is hit by Pasi Salonen and loses puck.
6:20 of 2nd period - Penalty to Mike Grier is over, Mike Grier is back on ice.
6:47 of 2nd period - Icing by Tanner Glass.
6:48 of 2nd period - Brandon McMillan wins face-off versus Jonathan Matsumoto in Punishers zone.
7:42 of 2nd period - Wrist shot by Mikael Backlund.
7:42 of 2nd period - Shot Misses the Net.
8:24 of 2nd period - Snap shot by Janne Niskala.
8:24 of 2nd period - Stopped by Kevin Poulin with a rebound.
8:30 of 2nd period - Snap shot by Igor Makarov.
8:30 of 2nd period - Stopped by Kevin Poulin with a rebound.
8:39 of 2nd period - Off-side.
8:40 of 2nd period - Mikael Backlund wins face-off versus Éric Perrin in neutral zone.
8:43 of 2nd period - Backhand shot by Mikael Backlund.
8:43 of 2nd period - Goal by Mikael Backlund - National : 2 - Punishers : 1.
8:44 of 2nd period - Éric Perrin wins face-off versus Mikael Backlund in neutral zone.
8:49 of 2nd period - Wrist shot by Éric Perrin.
8:49 of 2nd period - Shot Misses the Net.
8:52 of 2nd period - Icing by Nick Schultz.
8:53 of 2nd period - Éric Perrin wins face-off versus Mikael Backlund in National zone.
9:16 of 2nd period - Brad Isbister is hit by Nick Schultz and loses puck.
9:21 of 2nd period - Snap shot by Rico Fata.
9:21 of 2nd period - Stopped by Kevin Poulin without a rebound.
9:22 of 2nd period - Brandon McMillan wins face-off versus Marek Zagrapan in Punishers zone.
9:47 of 2nd period - William Colbert is hit by Erik Condra and loses puck.
9:58 of 2nd period - Wrist shot by William Colbert.
9:58 of 2nd period - Stopped by Kevin Poulin with a rebound.
10:00 of 2nd period - Wrist shot by Marek Zagrapan.
10:00 of 2nd period - Stopped by Kevin Poulin without a rebound.
10:01 of 2nd period - Éric Perrin wins face-off versus Mikael Backlund in Punishers zone.
10:01 of 2nd period - Éric Perrin is hit by Nick Schultz.
10:23 of 2nd period - Minor Penalty to Guillaume Desbiens for Holding.
10:24 of 2nd period - Éric Perrin wins face-off versus Mikael Backlund in National zone.
10:31 of 2nd period - Slapshot by Janne Niskala.
10:31 of 2nd period - Deflect By Mikael Backlund.
10:31 of 2nd period - Goal by Mikael Backlund - National : 3 - Punishers : 1.
10:32 of 2nd period - Mikael Backlund wins face-off versus Éric Perrin in neutral zone.
10:37 of 2nd period - Slapshot by Janne Niskala.
10:37 of 2nd period - Goal by Janne Niskala - National : 4 - Punishers : 1.
10:38 of 2nd period - Richard Zednik wins face-off versus Mikael Backlund in neutral zone.
10:49 of 2nd period - Slapshot by Éric Perrin.
10:49 of 2nd period - Shot Misses the Net.
11:09 of 2nd period - Backhand shot by Mike Grier.
11:09 of 2nd period - Stopped by Keith Kinkaid with a rebound.
11:11 of 2nd period - Slapshot by Mike Weber.
11:11 of 2nd period - Stopped by Keith Kinkaid without a rebound.
11:12 of 2nd period - Brandon McMillan wins face-off versus Mikael Backlund in National zone.
11:19 of 2nd period - Snap shot by Mike Grier.
11:19 of 2nd period - Shot Misses the Net.
11:21 of 2nd period - Snap shot by Mike Weber.
11:21 of 2nd period - Stopped by Keith Kinkaid with a rebound.
11:23 of 2nd period - Slapshot by Mike Weber.
11:23 of 2nd period - Shot Blocked by Dustin Kohn.
11:25 of 2nd period - Slapshot by Adam McQuaid.
11:25 of 2nd period - Shot Blocked by Dustin Kohn.
11:40 of 2nd period - Snap shot by Keaton Ellerby.
11:40 of 2nd period - Shot Misses the Net.
11:42 of 2nd period - Slapshot by Justin Falk.
11:42 of 2nd period - Shot Misses the Net.
11:44 of 2nd period - Snap shot by Justin Falk.
11:44 of 2nd period - Deflect By Richard Zednik.
11:44 of 2nd period - Shot Blocked by Dustin Kohn.
11:44 of 2nd period - Puck is out of play.
11:45 of 2nd period - Pasi Salonen wins face-off versus Brad Isbister in National zone.
12:04 of 2nd period - Snap shot by Tanner Glass.
12:04 of 2nd period - Shot Blocked by Janne Niskala.
12:06 of 2nd period - Backhand shot by Mike Grier.
12:06 of 2nd period - Shot Misses the Net.
12:08 of 2nd period - Snap shot by Brandon McMillan.
12:08 of 2nd period - Shot Misses the Net.
12:22 of 2nd period - Marek Zagrapan is hit by Éric Perrin and loses puck.
12:23 of 2nd period - Penalty to Guillaume Desbiens is over, Guillaume Desbiens is back on ice.
12:42 of 2nd period - Off-side.
12:43 of 2nd period - Mikael Backlund wins face-off versus Brandon McMillan in neutral zone.
12:52 of 2nd period - Wrist shot by Guillaume Desbiens.
12:52 of 2nd period - Shot Misses the Net.
12:54 of 2nd period - Snap shot by Rico Fata.
12:54 of 2nd period - Stopped by Kevin Poulin without a rebound.
12:55 of 2nd period - Mikael Backlund wins face-off versus Éric Perrin in Punishers zone.
13:06 of 2nd period - Snap shot by Guillaume Desbiens.
13:06 of 2nd period - Stopped by Kevin Poulin without a rebound.
13:07 of 2nd period - Éric Perrin wins face-off versus Mikael Backlund in Punishers zone.
13:07 of 2nd period - Éric Perrin is hit by Guillaume Desbiens.
13:17 of 2nd period - Wrist shot by Richard Zednik.
13:17 of 2nd period - Shot Blocked by Rico Fata.
13:19 of 2nd period - Snap shot by Richard Zednik.
13:19 of 2nd period - Deflect By Éric Perrin.
13:19 of 2nd period - Stopped by Keith Kinkaid with a rebound.
13:21 of 2nd period - Wrist shot by Éric Perrin.
13:21 of 2nd period - Stopped by Keith Kinkaid without a rebound.
13:22 of 2nd period - Brandon McMillan wins face-off versus Marek Zagrapan in National zone.
13:31 of 2nd period - Snap shot by Jonathan Cheechoo.
13:31 of 2nd period - Deflect By Pasi Salonen.
13:31 of 2nd period - Shot Blocked by Tanner Glass.
13:31 of 2nd period - Puck is out of play.
13:32 of 2nd period - Marek Zagrapan wins face-off versus Brandon McMillan in Punishers zone.
13:35 of 2nd period - Backhand shot by Pasi Salonen.
13:35 of 2nd period - Shot Misses the Net.
13:43 of 2nd period - Nick Schultz is hit by Mike Grier and loses puck.
13:58 of 2nd period - Snap shot by Tanner Glass.
13:58 of 2nd period - Deflect By Jonathan Cheechoo.
13:58 of 2nd period - Shot Misses the Net.
13:58 of 2nd period - Puck is out of play.
13:59 of 2nd period - Mikael Backlund wins face-off versus Éric Perrin in National zone.
14:04 of 2nd period - Slapshot by Guillaume Desbiens.
14:04 of 2nd period - Shot Misses the Net.
14:10 of 2nd period - Wrist shot by Mikael Backlund.
14:10 of 2nd period - Shot Blocked by Adam McQuaid.
14:14 of 2nd period - Slapshot by Rico Fata.
14:14 of 2nd period - Shot Misses the Net.
14:44 of 2nd period - Jonathan Cheechoo is hit by Mike Grier and loses puck.
15:07 of 2nd period - Wrist shot by David Desharnais.
15:07 of 2nd period - Stopped by Kevin Poulin without a rebound.
15:08 of 2nd period - David Desharnais wins face-off versus Philippe Paradis in Punishers zone.
16:25 of 2nd period - Slapshot by Adam Pineault.
16:25 of 2nd period - Stopped by Keith Kinkaid with a rebound.
16:47 of 2nd period - Snap shot by Erik Condra.
16:47 of 2nd period - Stopped by Keith Kinkaid without a rebound.
16:48 of 2nd period - Éric Perrin wins face-off versus Mikael Backlund in National zone.
16:58 of 2nd period - Minor Penalty to Mikael Backlund for Holding.
16:59 of 2nd period - David Desharnais wins face-off versus Éric Perrin in National zone.
18:58 of 2nd period - Penalty to Mikael Backlund is over, Mikael Backlund is back on ice.
19:38 of 2nd period - Icing by Zach Jones.
19:39 of 2nd period - Jonathan Matsumoto wins face-off versus Kris Chucko in Punishers zone.
19:42 of 2nd period - Slapshot by Jonathan Matsumoto.
19:42 of 2nd period - Shot Misses the Net.
19:44 of 2nd period - Slapshot by Ty Wishart.
19:44 of 2nd period - Stopped by Kevin Poulin without a rebound.
19:45 of 2nd period - Mikael Backlund wins face-off versus Éric Perrin in Punishers zone.
Goals for this period are 3 for National vs 0 for Punishers.
Shots for this period are 14 for National vs 13 for Punishers.

3rd period


0:01 of 3rd period - Mikael Backlund wins face-off versus Éric Perrin in neutral zone.
0:06 of 3rd period - Snap shot by Mikael Backlund.
0:06 of 3rd period - Stopped by Kevin Poulin with a rebound.
0:08 of 3rd period - Slapshot by Janne Niskala.
0:08 of 3rd period - Shot Misses the Net.
0:12 of 3rd period - Snap shot by Guillaume Desbiens.
0:12 of 3rd period - Stopped by Kevin Poulin without a rebound.
0:13 of 3rd period - Éric Perrin wins face-off versus Marek Zagrapan in Punishers zone.
0:13 of 3rd period - Éric Perrin is hit by Jonathan Cheechoo.
0:16 of 3rd period - Icing by Richard Zednik.
0:17 of 3rd period - Éric Perrin wins face-off versus Marek Zagrapan in Punishers zone.
0:17 of 3rd period - Éric Perrin is hit by Marek Zagrapan.
0:34 of 3rd period - Icing by Janne Niskala.
0:35 of 3rd period - Brandon McMillan wins face-off versus Marek Zagrapan in National zone.
1:29 of 3rd period - Wrist shot by Kris Chucko.
1:29 of 3rd period - Shot Misses the Net.
2:35 of 3rd period - Backhand shot by Jonathan Cheechoo.
2:35 of 3rd period - Shot Blocked by Jack Hillen.
2:37 of 3rd period - Wrist shot by Marek Zagrapan.
2:37 of 3rd period - Shot Misses the Net.
3:07 of 3rd period - Adam Pineault is hit by Nick Schultz and loses puck.
3:24 of 3rd period - Snap shot by Adam Pineault.
3:24 of 3rd period - Shot Blocked by Janne Niskala.
3:26 of 3rd period - Wrist shot by Kris Chucko.
3:26 of 3rd period - Shot Misses the Net.
3:45 of 3rd period - Off-side.
3:46 of 3rd period - Guillaume Desbiens wins face-off versus Éric Perrin in neutral zone.
4:35 of 3rd period - Snap shot by Jonathan Matsumoto.
4:35 of 3rd period - Stopped by Kevin Poulin without a rebound.
4:36 of 3rd period - Éric Perrin wins face-off versus Jonathan Matsumoto in Punishers zone.
4:51 of 3rd period - Snap shot by Éric Perrin.
4:51 of 3rd period - Goal by Éric Perrin - National : 4 - Punishers : 2.
4:52 of 3rd period - Mikael Backlund wins face-off versus Éric Perrin in neutral zone.
5:17 of 3rd period - Icing by Éric Perrin.
5:18 of 3rd period - Marek Zagrapan wins face-off versus Brandon McMillan in Punishers zone.
5:23 of 3rd period - Slapshot by Dustin Kohn.
5:23 of 3rd period - Deflect By Tanner Glass.
5:23 of 3rd period - Stopped by Kevin Poulin with a rebound.
5:43 of 3rd period - Tanner Glass is hit by Dustin Kohn and loses puck.
6:58 of 3rd period - Casey Cizikas is hit by Nick Schultz and loses puck.
7:10 of 3rd period - Icing by Keaton Ellerby.
7:11 of 3rd period - Jonathan Matsumoto wins face-off versus Éric Perrin in Punishers zone.
7:14 of 3rd period - Snap shot by Johannes Salmonsson.
7:14 of 3rd period - Stopped by Kevin Poulin without a rebound.
7:15 of 3rd period - Jonathan Matsumoto wins face-off versus Éric Perrin in Punishers zone.
7:40 of 3rd period - Marek Zagrapan is hit by Justin Falk and loses puck.
7:47 of 3rd period - Snap shot by Tanner Glass.
7:47 of 3rd period - Stopped by Keith Kinkaid with a rebound.
7:55 of 3rd period - Jonathan Cheechoo is hit by Tanner Glass and loses puck.
9:32 of 3rd period - Slapshot by Adam Pineault.
9:32 of 3rd period - Stopped by Keith Kinkaid without a rebound.
9:33 of 3rd period - Éric Perrin wins face-off versus Pasi Salonen in National zone.
10:26 of 3rd period - Wrist shot by Kris Chucko.
10:26 of 3rd period - Stopped by Keith Kinkaid with a rebound.
11:04 of 3rd period - Icing by Éric Perrin.
11:05 of 3rd period - Marek Zagrapan wins face-off versus Éric Perrin in Punishers zone.
11:30 of 3rd period - Slapshot by Tanner Glass.
11:30 of 3rd period - Stopped by Keith Kinkaid with a rebound.
11:56 of 3rd period - Slapshot by Igor Makarov.
11:56 of 3rd period - Stopped by Kevin Poulin with a rebound.
12:02 of 3rd period - Wrist shot by Igor Makarov.
12:02 of 3rd period - Stopped by Kevin Poulin with a rebound.
12:14 of 3rd period - Snap shot by Adam McQuaid.
12:14 of 3rd period - Stopped by Keith Kinkaid with a rebound.
12:16 of 3rd period - Slapshot by Adam McQuaid.
12:16 of 3rd period - Shot Misses the Net.
13:33 of 3rd period - Wrist shot by Mike Grier.
13:33 of 3rd period - Shot Misses the Net.
13:43 of 3rd period - Magnus Paajarvi-Svensson is hit by Richard Zednik and loses puck.
14:42 of 3rd period - Brad Isbister is hit by Marek Zagrapan and loses puck.
14:52 of 3rd period - Minor Penalty to Simon Despres for Hooking.
14:53 of 3rd period - Éric Perrin wins face-off versus Guillaume Desbiens in Punishers zone.
15:00 of 3rd period - Wrist shot by Éric Perrin.
15:00 of 3rd period - Shot Blocked by Guillaume Desbiens.
15:26 of 3rd period - Slapshot by Dustin Kohn.
15:26 of 3rd period - Deflect By Marek Zagrapan.
15:26 of 3rd period - Stopped by Kevin Poulin with a rebound.
15:59 of 3rd period - Marek Zagrapan is hit by Justin Falk and loses puck.
16:52 of 3rd period - Penalty to Simon Despres is over, Simon Despres is back on ice.
17:04 of 3rd period - Zach Jones is hit by David Desharnais and loses puck.
17:25 of 3rd period - Icing by Richard Zednik.
17:26 of 3rd period - David Desharnais wins face-off versus Casey Cizikas in Punishers zone.
17:41 of 3rd period - Slapshot by Jack Hillen.
17:41 of 3rd period - Deflect By Jonathan Matsumoto.
17:41 of 3rd period - Stopped by Keith Kinkaid with a rebound.
17:43 of 3rd period - Snap shot by Philippe Paradis.
17:43 of 3rd period - Stopped by Keith Kinkaid without a rebound.
17:44 of 3rd period - Philippe Paradis wins face-off versus Mikael Backlund in National zone.
17:45 of 3rd period - Wrist shot by Erik Condra.
17:45 of 3rd period - Shot Misses the Net.
17:55 of 3rd period - Snap shot by Guillaume Desbiens.
17:55 of 3rd period - Stopped by Kevin Poulin with a rebound.
17:57 of 3rd period - Slapshot by Nick Schultz.
17:57 of 3rd period - Deflect By Rico Fata.
17:57 of 3rd period - Shot Misses the Net.
17:57 of 3rd period - Puck is out of play.
17:58 of 3rd period - Casey Cizikas wins face-off versus Jonathan Matsumoto in Punishers zone.
17:58 of 3rd period - Kris Chucko is hit by Jonathan Matsumoto and loses puck.
18:13 of 3rd period - Wrist shot by Pat Dwyer.
18:13 of 3rd period - Shot Misses the Net.
18:20 of 3rd period - Icing by Keaton Ellerby.
18:21 of 3rd period - Mikael Backlund wins face-off versus Casey Cizikas in Punishers zone.
18:28 of 3rd period - Wrist shot by Mikael Backlund.
18:28 of 3rd period - Goal by Mikael Backlund - National : 5 - Punishers : 2.
18:29 of 3rd period - Rico Fata wins face-off versus Brad Isbister in neutral zone.
19:03 of 3rd period - Slapshot by Mike Weber.
19:03 of 3rd period - Stopped by Keith Kinkaid without a rebound.
19:04 of 3rd period - Éric Perrin wins face-off versus Mikael Backlund in National zone.
19:21 of 3rd period - Mikael Backlund is hit by Mike Weber and loses puck.
19:32 of 3rd period - William Colbert is hit by Casey Cizikas and loses puck.
19:45 of 3rd period - Wrist shot by Mikael Backlund.
19:45 of 3rd period - Shot Misses the Net.
19:47 of 3rd period - Snap shot by Rico Fata.
19:47 of 3rd period - Stopped by Kevin Poulin with a rebound.
19:49 of 3rd period - Slapshot by William Colbert.
19:49 of 3rd period - Shot Blocked by Justin Falk.
19:51 of 3rd period - Slapshot by Rico Fata.
19:51 of 3rd period - Stopped by Kevin Poulin without a rebound.
19:52 of 3rd period - Marek Zagrapan wins face-off versus Éric Perrin in Punishers zone.
Goals for this period are 1 for National vs 1 for Punishers.
Shots for this period are 12 for National vs 9 for Punishers.


Output by the SimonT Hockey Simulator (STHS) for François Prévost -- Original Page W3C XHTML 1.0 Valid
Hockey Simulator - Hockey Simulation - Hockey Manager